 Dungeon Crawl Stone Soup version 0.29.1-12-g30fa7ad0bf (webtiles) character file.

Game seed: 2017607675878052288

8685 zlionsfan the Carver (level 11, -3/84 HPs)
             Began as a Vampire Monk on Jan 15, 2023.
             Was an Elder of Trog.
             Killed from afar by an efreet (22 damage)
             ... with a fireball
             ... on level 9 of the Dungeon on Jan 16, 2023.
             The game lasted 00:38:27 (9843 turns).

zlionsfan the Carver (Vampire Monk)                 Turns: 9843, Time: 00:38:28

Health: -3/84      AC: 11    Str: 10    XL:     11   Next: 13%
Magic:  11/11      EV: 17    Int: 14    God:    Trog [****..]
Gold:   721        SH:  0    Dex: 20    Spells: 10/10 levels left

rFire   . . .      SeeInvis +   a - +0 falchion
rCold   . . .      Faith    .   (no shield)
rNeg    . . .      Spirit   .   A - +0 steam dragon scales
rPois   .          Reflect  .   (no helmet)
rElec   .          Harm     .   i - +2 cloak
rCorr   +          Rampage  .   (no gloves)
Will    +++..                   h - +2 pair of boots
Stlth   ++++......              (no amulet)
HPRegen 1.44/turn               y - ring of resist corrosion
MPRegen 0.12/turn               (no ring)

@: strong-willed, regenerating, slowed, very slow
A: alive, fangs 3, see invisible, vampiric 2
a: Exsanguinate, Renounce Religion, Berserk, Trog's Hand, Brothers in Arms


You were on level 9 of the Dungeon.
You worshipped Trog.
Trog was greatly pleased with you.
You visited 2 branches of the dungeon, and saw 10 of its levels.
You also visited: Sewer.

You collected 721 gold pieces.

Inventory:

Hand Weapons
 a - a +0 falchion (weapon)
Missiles
 w - 3 throwing nets (quivered)
Armour
 h - a +2 pair of boots (worn)
 i - a +2 cloak (worn)
 A - +0 steam dragon scales (worn)
Jewellery
 y - a ring of resist corrosion (left hand)
Wands
 l - a wand of flame (38)
 x - a wand of roots (1)
 D - a wand of paralysis (18)
Scrolls
 d - a scroll of blinking {unknown}
 e - a scroll of torment {unknown}
 j - a scroll of brand weapon {unknown}
 k - a scroll of butterflies
 m - 2 scrolls of enchant weapon {unknown}
 n - 2 scrolls of immolation {unknown}
 o - a scroll of poison {unknown}
 p - 2 scrolls of magic mapping
 q - 4 scrolls of teleportation
 r - a scroll of fear
 t - 3 scrolls of summoning
 v - 2 scrolls of noise {unknown}
Potions
 b - a potion of degeneration {unknown}
 c - a potion of ambrosia
 f - 5 potions of invisibility
 s - a potion of heal wounds {unknown}
 u - 2 potions of magic
 z - a potion of flight {unknown}
 B - a potion of cancellation {unknown}
 C - a potion of haste {unknown}


   Skills:
 * Level 7.5 Fighting
 * Level 13.6 Long Blades
 + Level 8.0 Dodging
 + Level 7.7 Stealth
 + Level 0.1 Evocations


You had 10 spell levels left.
You didn't know any spells.
Your spell library contained the following spells:

 Spells                   Type           Power      Damage    Failure   Level
 Magic Dart               Conj           0%         1d3       28%         1
 Searing Ray              Conj           0%         2d4       41%         2
 Fulminant Prism          Conj/Hex       0%         3d6       96%         4


Dungeon Overview and Level Annotations

Branches:
Dungeon (9/15)             Temple (1/1) D:6            Lair (0/5) D:8
  Sewer (visited)
    Orc: D:9-12

Altars:
Ashenzari
Cheibriados
Fedhas
Gozag
Kikubaaqudgha
Makhleb
Nemelex Xobeh
Okawaru
Qazlal
Trog

Annotations:
D:7 Joseph


Innate Abilities, Weirdness & Mutations

Your natural rate of healing is accelerated.
You have razor-sharp teeth.
You have supernaturally acute eyesight. (SInv)
You are afflicted with vampirism and can become a bat while bloodless.


Message History

The freezing wraith completely misses you.
The freezing wraith misses you. The freezing wraith hits you!
The freezing wraith drains your vigour!
You feel as though you will be slow longer.
Your ogre misses the freezing wraith.
You completely miss the freezing wraith.
The freezing wraith hits you!
* * * LOW HITPOINT WARNING * * *
The freezing wraith freezes you!
* * * LOW HITPOINT WARNING * * *
The freezing wraith hits you but does no damage.
Your ogre hits the freezing wraith with a +0 giant spiked club!!
You are confused.
You feel invigorated.
Your ogre hits the freezing wraith with a +0 giant spiked club!!!
The freezing wraith is destroyed!
Trog accepts your kill. The efreet gestures at you.
The fireball explodes!
The fireball engulfs the killer bee!!
The killer bee dies!
The fireball engulfs you!!
* * * LOW HITPOINT WARNING * * *
The fireball engulfs your ogre.
Okay, then.
A gargoyle comes into view. It is wielding a +0 mace.
You feel less invigorated.
You feel less confused.
Your ogre rages.
Your ogre hits the gargoyle with a +0 giant spiked club!
Your skin crawls.
You feel strong-willed.
Your ogre hits the gargoyle with a +0 giant spiked club!!!
The gargoyle is destroyed!
Trog accepts your kill.
Your Dodging skill increases to level 8!
Your ogre barely misses the efreet.
The efreet completely misses you.
Your ogre barely misses the efreet.
The efreet gestures at you.
The fireball explodes!
The fireball engulfs you!!
You die...

...........####......##
......[.....##.......#
#......#.............#
##.............##.####
...................###
...#.#...............##
...###....##########..#
..####....'..#..#R)#..#
..#.......#..'..@O.#..#
......#...#######'##..#
.....<##..# #..#..#
......#.#.# #..#..#
..........# #'##..#
......#...# ○..#..#
...####...# #..#..#
...###....##########..#
....###..)............#


You could see an efreet (ally target) and a friendly ogre (summoned, berserk).

Vanquished Creatures
  A two-headed ogre (D:9)
  A manticore (D:9)
  A vampire (D:9)
  Eustachio (D:5)
  5 yaks (D:9)
  Grum (D:9)
  2 steam dragons
  3 water moccasins
  An orc warrior (D:8)
  3 black bears
  A sky beast (D:7)
  An ogre (D:6)
  2 centaurs
  2 phantoms
  2 kobold brigands
  Blork the orc (D:5)
  3 gnoll sergeants
  3 necrophages
  2 bullfrogs
  5 wights (D:7)
  A killer bee (D:9)
  5 howler monkeys
  An electric eel (D:8)
  2 jellies
  A gnoll bouda (D:9)
  13 hounds
  6 orc priests
  9 orc wizards
  Crazy Yiuf (D:6)
  An iguana (D:5)
  4 river rats (Sewer)
  14 adders
  27 gnolls
  A shadow imp (D:6)
  2 ufetubi
  5 worms
  2 dart slugs
  30 orcs
  2 endoplasms
  7 goblins
  12 hobgoblins
  14 jackals
  6 quokkas
  9 ball pythons
  5 bats
  4 frilled lizards
  9 kobolds
  8 rats
242 creatures vanquished.

Vanquished Creatures (collateral kills)
  A two-headed ogre (D:9)
  A gargoyle (D:9)
  A freezing wraith (D:9)
  7 yaks (D:9)
  A gnoll sergeant (D:9)
  2 killer bees (D:9)
  A hound (D:9)
  4 gnolls (D:9)
  A jackal (D:9)
19 creatures vanquished.

Vanquished Creatures (others)
  A deep troll (D:9)
  A killer bee (D:9)
  A howler monkey (D:9)
  12 plants
15 creatures vanquished.

Grand Total: 276 creatures vanquished

Notes
Turn   | Place    | Note
-------+----------+-------------------------------------------
     0 | D:1      | zlionsfan the Vampire Monk began the quest for the Orb.
     0 | D:1      | Reached XP level 1. HP: 17/17 MP: 1/1
   161 | D:1      | Found a faded altar of an unknown god.
   167 | D:1      | Prayed at the altar of an unknown god.
   167 | D:1      | Became a worshipper of Trog the Wrathful
   167 | D:1      | Reached * piety under Trog
   167 | D:1      | Reached ** piety under Trog
   244 | D:1      | Reached XP level 2. HP: 23/23 MP: 2/2
   452 | D:1      | Reached *** piety under Trog
  1045 | D:2      | Gained mutation: You are afflicted with vampirism and can
                  | become a bat while bloodless. [Vampire growth]
  1045 | D:2      | Reached XP level 3. HP: 28/28 MP: 3/3
  1525 | D:3      | Reached skill level 4 in Long Blades
  1714 | D:3      | Reached XP level 4. HP: 35/35 MP: 4/4
  1929 | D:3      | Found a broken altar of Ashenzari.
  2099 | D:3      | Reached XP level 5. HP: 41/41 MP: 5/5
  2561 | D:4      | Noticed a black bear
  2620 | D:4      | Reached skill level 5 in Long Blades
  2626 | D:4      | Reached **** piety under Trog
  2750 | D:4      | Noticed a black bear
  2865 | D:4      | Found a glowing drain.
  2883 | Sewer    | Entered a sewer
  3038 | Sewer    | Reached XP level 6. HP: 35/47 MP: 6/6
  3412 | Sewer    | Reached skill level 6 in Long Blades
  3946 | D:4      | Reached skill level 5 in Stealth
  3946 | D:4      | Reached XP level 7. HP: 46/46 MP: 7/7
  4054 | D:4      | Reached skill level 7 in Long Blades
  4247 | D:5      | Entered Level 5 of the Dungeon
  4318 | D:5      | Noticed Blork the orc
  4328 | D:5      | Killed Blork the orc
  4648 | D:5      | Noticed Eustachio
  4679 | D:5      | Killed Eustachio
  4680 | D:5      | Reached skill level 8 in Long Blades
  4680 | D:5      | Reached XP level 8. HP: 20/60 MP: 8/8
  5301 | D:6      | Reached skill level 5 in Dodging
  5464 | D:6      | Found a staircase to the Ecumenical Temple.
  5472 | Temple   | Entered the Ecumenical Temple
  5761 | D:6      | Reached skill level 9 in Long Blades
  5886 | D:6      | Found a runed translucent door.
  5887 | D:6      | Noticed Crazy Yiuf
  6002 | D:6      | Killed Crazy Yiuf
  6300 | D:7      | Noticed Joseph
  6848 | D:7      | Reached skill level 10 in Long Blades
  6848 | D:7      | Reached XP level 9. HP: 66/66 MP: 9/9
  7459 | D:8      | Found a staircase to the Lair.
  7646 | D:8      | Reached skill level 5 in Fighting
  7654 | D:8      | Reached skill level 11 in Long Blades
  8319 | D:9      | Noticed a manticore
  8342 | D:9      | Killed a manticore
  8343 | D:9      | Reached skill level 12 in Long Blades
  8343 | D:9      | Reached XP level 10. HP: 64/74 MP: 10/10
  8697 | D:9      | Found a runed translucent door.
  8697 | D:9      | Noticed a two-headed ogre
  8698 | D:9      | Noticed a deep troll
  8704 | D:9      | Killed a two-headed ogre
  8805 | D:9      | Noticed a two-headed ogre
  8809 | D:9      | Killed a two-headed ogre
  8815 | D:9      | Reached ***** piety under Trog
  8818 | D:9      | Reached skill level 13 in Long Blades
  9108 | D:9      | Noticed Grum
  9118 | D:9      | Killed Grum
  9198 | D:9      | Killed a deep troll
  9223 | D:9      | Found an iron altar of Okawaru.
  9482 | D:9      | Reached XP level 11. HP: 79/84 MP: 11/11
  9695 | D:9      | Found a snail-covered altar of Cheibriados.
  9839 | D:9      | HP: 2/84 [efreet/fireball (23)]
  9843 | D:9      | Killed from afar by an efreet

Illustrated notes

Levels and vault maps discovered:
D:1:      lightli_molten_gateway, layout_basic,
          dreamdust_ecumenical_altar_angels_and_demons
D:2:      layout_loops_cross, nicolae_eternal_life, guppyfry_early_lair_pool
D:3:      layout_basic, nicolae_ashenzari_skybound, st_stairs_11,
          nicolae_figureground_sparkle
D:4:      layout_cave_pools, gup_sewer_entry_spiral, minmay_misc_feat_enclosed,
          nicolae_titane
D:5:      layout_basic, uniq_blork_the_orc, uniq_eustachio
D:6:      layout_basic, minmay_temple_entry_statues_fountains,
          uniq_crazy_yiuf_cottage
D:7:      layout_basic, nicolae_water_bricks, uniq_joseph
D:8:      layout_gridville, lair_entry_dummy, serial_bayou_ford_a
D:9:      layout_cave_pools, okawaru_metal_pillars_1_2, slow_altar_2,
          serial_gnoll_camp, gnoll_camp_mini_house, gnoll_camp_mini_doghouse,
          gnoll_camp_mini_loothouse, gnoll_camp_medium_02, grums_kennel,
          hangedman_decor_points, minivault_13
Temple:   compressed_dpeg_triangle_lava_temple

Skill      XL: |  1  2  3  4  5  6  7  8  9 10 11 |
---------------+----------------------------------+-----
Fighting       | 3 4 5 7 |  7.5
Long Blades    | 4 5 6 8 10 12 13 | 13.6
Stealth        | 4 5 6 7 |  7.7
Dodging        | 4 5 6 7 8 |  8.0
Evocations     | |  0.1

Action                   |  1- 3 |  4- 6 |  7- 9 | 10-12 || total
-------------------------+-------+-------+-------+-------++-------
Melee: Falchion          |    89 |   228 |   436 |   286 ||  1039
       Bite              |     8 |    40 |    67 |    38 ||   153
       Punch             |       |     1 |     5 |     6 ||    12
Invok: Berserk           |     1 |     4 |     7 |     5 ||    17
       Trog's Hand       |       |       |     2 |     1 ||     3
       Brothers in Arms  |       |       |     1 |     2 ||     3
 Abil: End Transformatio |       |     1 |       |       ||     1
       Bat Form          |       |     1 |       |       ||     1
       Exsanguinate      |       |     1 |       |       ||     1
       Revivify          |       |     1 |       |       ||     1
Evoke: Wand              |       |       |     1 |       ||     1
  Use: Scroll            |       |       |     9 |     2 ||    11
       Potion            |       |       |     4 |     2 ||     6
 Stab: Sleeping          |    10 |     6 |     9 |     4 ||    29
Armor: Robe              |    15 |    50 |   102 |    40 ||   207
       Steam dragon scal |       |       |       |    39 ||    39
Dodge: Dodged            |    72 |   141 |   307 |   241 ||   761
